[Event "*** Titled Tuesday Blitz"]
[Site "Chess.com"]
[Date "2020.04.28"]
[Round "2"]
[White "Paladin61"]
[Black "mishanick"]
[Result "0-1"]
[WhiteElo "2591"]
[BlackElo "3025"]
[TimeControl "180+1"]
[EndTime "10:19:18 PDT"]
[Termination "mishanick won by resignation"]

1. d4 Nf6 2. c4 e6 3. g3 Bb4+ 4.
Bd2 Be7 5. Bg2 d5 6. Nf3 c6 7.
O-O O-O 8. Qc2 Nbd7 9. Bf4 b6 10. Rd1 Bb7 11. Ne5 Rc8 12. Nc3 Nh5 13. Bd2 b5 14.
b3 Nhf6 15. Bf4 Nh5 16. Bd2 Nhf6 17. Bf4 Ba6 18. Rac1 Ba3 19. Rb1 Nxe5 20. dxe5 Nd7 21. b4 dxc4 22. Ne4 c5 23. Ng5 g6 24. Ne4 Rc7 25.
Nxc5 Rxc5 26. bxc5 Qc7 27. c6 Nb6 28. Qd2 Be7 29. Qa5 Qc8 30. Be3 Nd5 31. Bxd5 exd5 32. Rxb5 Qxc6 33. Rbxd5 c3 34. R5d3 Rc8 35. Qd5 Bxd3 36.
Qxd3 Qa4 37. Rf1 c2 38. Bc1 Qxa2 39. Qe3 a5 40. Qe4 a4 41. h4 Qe6 42. Qxa4 Qxe5 43. Qb3 Qxe2 44. Qb7 Qe6 45. Qf3 Bf6 46. Bf4 h5 47. Bc1 Bd4 48. Bd2 Qc4 49. Bc1 Qc3 50. Qe4 Qxg3+ 51. Kh1 Qh3+ 52. Kg1 Qg4+ 53. Qxg4 hxg4 54.
Kg2 f5 55. Re1 Kf7 56. Re2 Bf6 0-1

[Event "*** Titled Tuesday Blitz"]
[Site "Chess.com"]
[Date "2020.04.28"]
[Round "2"]
[White "chessdjw"]
[Black "Caterpiller35"]
[Result "1-0"]
[WhiteElo "2592"]
[BlackElo "2301"]
[TimeControl "180+1"]
[EndTime "10:19:18 PDT"]
[Termination "chessdjw won by resignation"]

1. e4 c5 2. Nf3 Nc6 3. Bb5 g6 4. c3 Nf6 5. O-O Bg7 6. Re1 O-O 7. d4 cxd4 8. cxd4 d5 9. e5 Ne4 10. Be3 Bg4 11. h3 Bf5 12. Bxc6 bxc6 13. Nc3 f6 14. Rc1 Rb8 15. b3 fxe5 16. Nxe5 Bxe5 17.
dxe5 Nxc3 18. Rxc3 Qa5 19. Rxc6 Qxa2 20. Qxd5+ e6 21.
Rxe6 Qxb3 22. Rxg6+ Kh8 23. Qxb3 Rxb3 24. Ra6 Rg8 25. Kh2 Be4 26. g4 Bb7 27. Rxa7 h5 28. g5 Kh7 29. e6 Kg6 30. Ra4 Re8 31. Bc1 Rf8 32. Rf4 Rxf4 33. Bxf4 Kf5 34. e7 Bc6 35. Bg3 Be8 36. h4 Kg4 37. Re4+ Kf5 38. Rf4+ Ke6 39. Re4+ Kf7 40. Re5 Rb7 41. Kg2 Rxe7 42. g6+ Kf6 43.
Rxh5 Kxg6 44. Rg5+ Kh7 45. Rg4 Rg7 46. Rd4 Bc6+ 47.
Kh2 Rf7 48. Rd6 Bd7 49. Rd5 Be6 50. Rh5+ Kg6 51. Rg5+ Kh6 52. Re5 Bf5 53. Bf4+ Kh5 54. Kg3 Kg6 55. Bg5 Bd3 56. f3 Be2 57. Re6+ Kf5 58.
Rxe2 1-0

[Event "*** Titled Tuesday Blitz"]
[Site "Chess.com"]
[Date "2020.04.28"]
[Round "2"]
[White "MrRooke6"]
[Black "MarcoCorvi"]
[Result "0-1"]
[WhiteElo "2409"]
[BlackElo "2189"]
[TimeControl "180+1"]
[EndTime "10:19:18 PDT"]
[Termination "MarcoCorvi won by resignation"]

1. e4 c5 2. Nf3 g6 3. d4 cxd4 4. Nxd4 Nc6 5. Nc3 Nf6 6. Be3 Bg7 7. Bc4 O-O 8. Bb3 d6 9. f3 Nxd4 10. Bxd4 Bd7 11. Qd2 a5 12. a4 Bc6 13. O-O Nd7 14. Be3 Nc5 15. Bc4 Qb6 16. Rab1 Rfc8 17. Nd5 Bxd5 18.
Bxd5 Qc7 19. c3 Nd7 20. Rfd1 Nb6 21. Bxb6 Qxb6+ 22. Kh1 Rd8 23. g3 e6 24. Ba2 Rac8 25.
Kg2 Be5 26. Qf2 Qxf2+ 27. Kxf2 Kf8 28. f4 Bg7 29. Ke3 Ke7 30. Rd3 h5 31. Rbd1 Bf8 32. Rd4 Ke8 33. Bc4 Be7 34. Bb5+ Kf8 35. R4d2 Rc5 36.
Kf3 Rdc8 37. Rd3 R5c7 38. g4 hxg4+ 39. Kxg4 Kg7 40. f5 gxf5+ 41. exf5 e5 42. Kf3 Rh8 43. Rg1+ Kf6 44. Ke4 Rh4+ 45. Ke3 Rc8 46. Rg2 Rch8 47.
Rdd2 Rh3+ 48. Ke4 R8h4+ 49. Kd5 Rf3 50. Rdf2 Rxf2 51. Rxf2 Kg5 52. f6 Bxf6 53. Kxd6 e4 54. Kc7 e3 55. Re2 Kf4 56. Kxb7 Kf3 57. Kb6 Bd8+ 58.
Kc5 f5 59. b4 axb4 60. cxb4 f4 61. a5 Rh5+ 62. Kc6 Rxb5 63. Kxb5 Kxe2 64. a6 f3 65. a7 f2 66. a8=Q f1=Q 67. Qxd8 Ke1+ 68. Ka5 e2 69. Qd3 Kf2 70. Qf5+ Kg1 71. Qg4+ Kh1 72. Qh4 e1=Q 0-1

[Event "*** Titled Tuesday Blitz"]
[Site "Chess.com"]
[Date "2020.04.28"]
[Round "2"]
[White "cassoulet"]
[Black "AsaHoffmann"]
[Result "1/2-1/2"]
[WhiteElo "2606"]
[BlackElo "2316"]
[TimeControl "180+1"]
[EndTime "10:19:21 PDT"]
[Termination "Game drawn - insufficient material"]

1. e4 d6 2. d4 Nf6 3. Nc3 c6 4. Bd3 e5 5. Nf3 Bg4 6. Be3 Nbd7 7. h3 Bh5 8. Qd2 b5 9. a3 Qc7 10. d5 a6 11. dxc6 Qxc6 12. a4 b4 13. Nd5 Nxd5 14. exd5 Qb7 15. Be2 Be7 16. Nxe5 Bxe2 17. Nxd7 Qxd7 18.
Qxe2 O-O 19. O-O Bf6 20. Bd2 Bxb2 21. Rab1 Bc3 22. Bxc3 bxc3 23. Rb4 Qf5 24. Rd1 Rfe8 25. Qd3 Qe5 26. Rc4 Rac8 27. Rxc8 Rxc8 28. Qxa6 Re8 29. a5 h5 30. Qc4 Qe2 31. Qd3 Qxd3 32. Rxd3 Ra8 33.
Rxc3 Rxa5 34. Rc8+ Kh7 35. c4 Ra4 36. h4 Kg6 37.
Kh2 Kf5 38. Rc7 Kf6 39. Kg3 g6 40. Kf4 Ra2 41. Kf3 Ra3+ 42. Kf4 Ra2 43. f3 Rxg2 44. Rd7 Rc2 45. Rxd6+ Ke7 46. Rc6 f6 47. c5 Rc4+ 48. Kg3 g5 49. hxg5 fxg5 50. d6+ Kd7 51. Rc7+ Kd8 52. c6 Rc3 53. Kf2 g4 54. fxg4 hxg4 55. Rd7+ Kc8 56. Rc7+ Kd8 57. Ke2 g3 58. Kd2 Rc5 59.
Ke3 Rc3+ 60. Ke2 Rc5 61. Kf3 Rc3+ 62. Kg2 Rd3 63. Rd7+ Kc8 64. Kh3 Rc3 65. Rc7+ Kd8 66. Kg2 Rd3 67. Rd7+ Kc8 68. Kf1 Rc3 69. Rc7+ Kd8 70.
Kg1 Rd3 71. Rd7+ Kc8 72. Kg2 Rc3 73. Rc7+ Kd8 74. Rh7 Rxc6 75. Rh6 Kd7 76. Kxg3 Rxd6 77. Rxd6+ Kxd6 1/2-1/2

[Event "*** Titled Tuesday Blitz"]
[Site "Chess.com"]
[Date "2020.04.28"]
[Round "2"]
[White "AryanTari"]
[Black "AleksanderHnydiuk"]
[Result "1-0"]
[WhiteElo "2906"]
[BlackElo "2569"]
[TimeControl "180+1"]
[EndTime "10:19:25 PDT"]
[Termination "AryanTari won by resignation"]

1. e4 e5 2. Nf3 Nf6 3. d4 Nxe4 4. dxe5 d5 5. Nbd2 Nxd2 6. Bxd2 Bf5 7. Nd4 Bg6 8. h4 h6 9. Qg4 Nd7 10. e6 Nf6 11.
Qe2 Be7 12. h5 Bh7 13. exf7+ Kxf7 14. Qe6+ Kf8 15. O-O-O c5 16. Nf5 Qd7 17. Qxd7 Nxd7 18. Nxe7 Kxe7 19. Bb5 Nf6 20. f3 Rhd8 21. g4 Kf7 22. Rhe1 a6 23. Bf1 b5 24. Bf4 d4 25.
Be5 Nd5 26. c3 Ne3 27. Rd2 Rac8 28. Bf4 Nd5 29. Be5 Ne3 30. b3 Nd5 31. c4 Nc3 32.
cxb5 axb5 33. Kb2 Ra8 34. a3 Nd5 35. Bxb5 Ne3 36. Bf4 Rab8 37. a4 Kf6 38. Bxe3 dxe3 39. Rxd8 Rxd8 40. Rxe3 Rd2+ 41. Ka3 Rf2 42. Be2 Rg2 43. a5 Rg1 44. Kb2 Rb1+ 45. Ka2 Rc1 46. a6 Rc2+ 47. Ka3 Rd2 48. a7 Rd8 49. Ka4 Ra8 50. Kb5 Rxa7 51. Kxc5 Ra5+ 52. Kb4 Ra7 53. Kc3 Rb7 54. Bc4 Rc7 55. b4 Rb7 56. b5 Rc7 57. Kb4 Rb7 58. Ra3 Rb8 59. Bd5 Ke5 60. Bc6 Kd4 61.
Ra7 Bd3 62. Rd7+ Ke3 63. Rxg7 Be2 64. Re7+ Kf2 65. f4 Kg3 66. g5 hxg5 67. fxg5 Bxh5 68. g6 Bxg6 69. Rg7 Kh4 70. Rxg6 1-0

[Event "*** Titled Tuesday Blitz"]
[Site "Chess.com"]
[Date "2020.04.28"]
[Round "2"]
[White "Sadykov_Ramil"]
[Black "LikeWater"]
[Result "1-0"]
[WhiteElo "2535"]
[BlackElo "2763"]
[TimeControl "180+1"]
[EndTime "10:19:27 PDT"]
[Termination "Sadykov_Ramil won on time"]

1. e4 d6 2. d4 Nf6 3. Nc3 e5 4. Nf3 Nbd7 5. Bc4 Be7 6. O-O O-O 7. Re1 c6 8. a4 a5 9. h3 exd4 10. Nxd4 Nc5 11. b3 Be6 12. Nxe6 fxe6 13. e5 Nd5 14. Ne4 Nxe4 15. Rxe4 Nc3 16. Bxe6+ Kh8 17. Qg4 Nxe4 18.
Qxe4 dxe5 19. Be3 Qd6 20. Bc4 Qg6 21. Qxg6 hxg6 22. Bd3 Kh7 23. Be4 Rad8 24. g3 Rd6 25. h4 Kg8 26. Kg2 Kf7 27. Re1 Re6 28. Bd3 Ke8 29.
Bc4 Ref6 30. Re2 Kd7 31. Bg5 Rd6 32. Bxe7 Kxe7 33. Rxe5+ Kd7 34. Bd3 b6 35. f4 Rff6 36. Kf3 Rde6 37. Rg5 Ke7 38. h5 gxh5 39. Rxg7+ Rf7 40.
Rg5 Rh6 41. Bg6 Rg7 42. f5 Kf6 43. Kf4 Rh8 44. Rxh5 Rxh5 45. Bxh5 b5 46. Be8 bxa4 47. bxa4 c5 48. g4 Rg8 49. Bb5 Rg7 50. Bc4 Rg5 51. Be6 Rg7 52. Bd5 Rg5 53. c4 Rg7 54. Bf3 Rg5 55. Ke4 Rg8 56. Kd5 Rc8 57. Kd6 Kg5 58. Bc6 Rb8 59. Kxc5 Rb4 60. Bb5 Kxg4 61. f6 Rb1 62. f7 Rf1 63. Be8 Rf5+ 64. Kd6 Kf4 65. c5 Ke4 66. c6 Rf6+ 67. Ke7 1-0

[Event "*** Titled Tuesday Blitz"]
[Site "Chess.com"]
[Date "2020.04.28"]
[Round "2"]
[White "Xeniya2005"]
[Black "Philosopherrr"]
[Result "0-1"]
[WhiteElo "2255"]
[BlackElo "2480"]
[TimeControl "180+1"]
[EndTime "10:19:28 PDT"]
[Termination "Philosopherrr won on time"]

1. e4 e5 2. Nf3 Nc6 3. Nc3 Nf6 4.
Bb5 Bb4 5. d3 d6 6. O-O h6 7. h3 O-O 8. Be3 Ne7 9. Qd2 Ng6 10. Nh2 Be6 11. a3 Bc5 12. Bc4 Bxc4 13.
dxc4 Bxe3 14. Qxe3 Qe7 15. Nd5 Nxd5 16. cxd5 a5 17. g3 Qd7 18. Kg2 f5 19. exf5 Qxf5 20. c4 b6 21. Rae1 Rf7 22. Nf3 Raf8 23. Nd2 Qc2 24. b4 axb4 25. axb4 Ne7 26. Rc1 Nf5 27. Qe2 Qa4 28. b5 Nd4 29. Qe3 Qa2 30. f4 Nf5 31. Qd3 e4 32. Qc3 e3 33. Rc2 Qa8 34. Nf3 Qe8 35.
Re1 Qe4 36. Rf1 Nd4 37. Qxd4 Qxc2+ 38. Kg1 Re8 39. Re1 Qe4 40. Qxe4 Rxe4 41. Kg2 Rxc4 42. Rxe3 Rc2+ 43. Kg1 Rf5 44. Nd4 Rc1+ 45. Kf2 Rxd5 46.
Nc6 Rc2+ 47. Kf3 Rxb5 48. Nd4 Rbb2 49. Nxc2 Rxc2 50. Re7 b5 51. Re8+ Kf7 52. Rb8 c6 53.
Ke4 Rc3 54. Rb6 Ke6 55. g4 g6 56. Rb7 Rc4+ 57. Ke3 b4 58. Rg7 Kf6 59. Rb7 Rc3+ 60. Ke4 c5 61. h4 Rc4+ 62. Ke3 Ke6 0-1

[Event "*** Titled Tuesday Blitz"]
[Site "Chess.com"]
[Date "2020.04.28"]
[Round "2"]
[White "Bagirova"]
[Black "binbin239"]
[Result "0-1"]
[WhiteElo "2206"]
[BlackElo "2444"]
[TimeControl "180+1"]
[EndTime "10:19:28 PDT"]
[Termination "binbin239 won by resignation"]

1. e4 c5 2. Nf3 Nc6 3. d4 cxd4 4. Nxd4 g6 5. Nxc6 bxc6 6. Nc3 Bg7 7. Bc4 Nf6 8. e5 Ng8 9. Qf3 e6 10. Bf4 Ne7 11.
Ne4 O-O 12. Nf6+ Bxf6 13. exf6 Nf5 14. Bg5 h6 15. h4 Qa5+ 16. Kf1 Qb4 17. Bd3 Qxb2 18. Re1 Kh7 19. Bxf5 exf5 20. Bxh6 Ba6+ 21. Kg1 Qxf6 22. Bg5 Qd4 23. h5 Qg4 24. hxg6+ Kxg6 25. Qxg4 fxg4 26. Be7 Rh8 27. g3 Bc4 28. Rxh8 Rxh8 29.
f4 gxf3 30. Kf2 Rh2+ 31. Kxf3 Rxc2 32. Rd1 Bd5+ 33. Kf4 Rxa2 34. Ke5 Re2+ 35. Kd6 Be6 36. Kc7 Re3 37. Bd6 a5 38. Ra1 c5 39. Rxa5 c4 40. Rc5 c3 41. Bf4 Rd3 42. Rg5+ Kf6 43. Rc5 Kg7 44. Rg5+ Kh7 45. Rc5 Bf5 46. Rxf5 Kg6 47.
Rg5+ Kf6 48. Rc5 d5 49. Rc6+ Kf5 50. Rc5 Ke4 51. Kd6 d4 52. Ke7 f5 53. Kf7 Rf3 54. Kf6 Kd3 55. Kxf5 c2 56. g4 Rf1 57. g5 Rf2 58. g6 Rg2 59. Bg5 Rf2+ 60. Ke6 Re2+ 61. Kf7 Rg2 62. Kg8 Rxg5 63. Rxg5 c1=Q 64. Rf5 Qc8+ 65.
Kh7 Qxf5 0-1

[Event "*** Titled Tuesday Blitz"]
[Site "Chess.com"]
[Date "2020.04.28"]
[Round "2"]
[White "PotapovaM"]
[Black "andy_rekt"]
[Result "0-1"]
[WhiteElo "2421"]
[BlackElo "2216"]
[TimeControl "180+1"]
[EndTime "10:19:28 PDT"]
[Termination "andy_rekt won by checkmate"]

1. d4 e6 2. c4 Nf6 3. Nf3 Bb4+ 4. Nbd2 O-O 5. a3 Bxd2+ 6. Qxd2 d5 7. e3 b6 8. Qc2 Bb7 9. Be2 dxc4 10. Qxc4 Nbd7 11. O-O Rc8 12. b4 c5 13. dxc5 bxc5 14. b5 Nb6 15.
Qc3 Na4 16. Qc2 Nb6 17. a4 Be4 18. Qc3 Nfd5 19. Qa3 Qf6 20. Bb2 Qg6 21. a5 Nd7 22. Rac1 Nb4 23. Rfd1 Nf6 24. b6 axb6 25. axb6 Nfd5 26.
b7 Rb8 27. Rxc5 Rxb7 28. g3 Nc2 29. Qa2 Qh5 30. Kg2 Ncxe3+ 31. fxe3 Nxe3+ 32. Kf2 Qxc5 33. Bd4 Nxd1+ 34. Bxd1 Qd5 35. Qa1 f6 36. Be3 e5 37.
Nd2 Rfb8 38. Kf1 Bg2+ 39. Kf2 Bh3 40. Bf3 e4 41. Bxe4 Qe5 42. Qa2+ Be6 43. Qa6 Rb2 44. Bf4 Rxd2+ 45. Bxd2 Qxe4 46. Qd6 Re8 47. Be3 Bf7 48. Qd2 Qf5+ 49. Bf4 Qd5 50. Qc2 Qd4+ 51. Kg2 Qd5+ 52.
Kf2 Qd4+ 53. Kg2 Bd5+ 54. Kh3 h5 55. Qc7 Be6+ 56. Kg2 Qe4+ 57. Kf2 Qd4+ 58. Be3 Qe4 59. Bf4 Bd5 60. Qc2 Qg2# 0-1

[Event "*** Titled Tuesday Blitz"]
[Site "Chess.com"]
[Date "2020.04.28"]
[Round "2"]
[White "Abund"]
[Black "grandemestregringo"]
[Result "0-1"]
[WhiteElo "2660"]
[BlackElo "2430"]
[TimeControl "180+1"]
[EndTime "10:19:29 PDT"]
[Termination "grandemestregringo won by resignation"]

1. Nf3 Nf6 2. c4 c6 3. d4 d5 4.
e3 Bf5 5. Nc3 e6 6. Nh4 Bg6 7. Qb3 Qb6 8. Bd2 Nbd7 9. Nxg6 hxg6 10. O-O-O Bd6 11. Be2 Rd8 12. h3 O-O 13. c5 Qxb3 14.
axb3 Bc7 15. b4 e5 16. b5 Ba5 17. f3 Rfe8 18. Rhe1 Rc8 19. Kc2 b6 20. bxc6 Rxc6 21. Bb5 Rc7 22. Bxd7 Rxd7 23. Na4 Bxd2 24. Rxd2 exd4 25.
Rxd4 Rc7 26. b4 bxc5 27. bxc5 Rb8 28. Rb1 Rxb1 29. Kxb1 Rb7+ 30. Kc2 Kf8 31. Nc3 Rc7 32. Na4 Rb7 33. Rd3 Ke7 34. Rb3 Rxb3 35. Kxb3 Kd7 36. Kb4 Kc6 37. Nc3 Nd7 38. Nb5 a5+ 39. Kxa5 Kxc5 40.
Nd4 Kc4 41. Ne2 Nf6 42. Nf4 g5 43. Ne2 Kd3 44. Ng3 g6 45. e4 dxe4 46. fxe4 Nxe4 47. Nf1 Ke2 48. Nh2 f5 49. Nf3 Kf2 50. Ne5 Kxg2 51. Kb4 Kxh3 52. Kc4 g4 53. Kd3 g3 54. Nxg6 g2 55.
Nf4+ Kg3 56. Ne2+ Kf2 57. Nf4 g1=Q 58. Nh3+ Kf1 59. Nxg1 Kxg1 60. Ke3 Kg2 61. Kf4 Nd6 62. Ke5 Kg3 63. Kxd6 f4 64. Ke5 f3 65. Ke4 Kg2 66. Kd3 f2 67. Ke4 f1=Q 68. Ke5 Qf3 0-1

[Event "*** Titled Tuesday Blitz"]
[Site "Chess.com"]
[Date "2020.04.28"]
[Round "2"]
[White "Feegus"]
[Black "Danesz22"]
[Result "0-1"]
[WhiteElo "2473"]
[BlackElo "2273"]
[TimeControl "180+1"]
[EndTime "10:19:29 PDT"]
[Termination "Danesz22 won on time"]

1. Nf3 g6 2. g3 Bg7 3. Bg2 f5 4. O-O Nf6 5. c4 O-O 6. Nc3 d6 7.
d4 c6 8. Re1 Ne4 9. Qc2 Nxc3 10. Qxc3 c5 11. Qd2 Nc6 12. d5 Ne5 13. Nxe5 dxe5 14. b4 Qd6 15. Ba3 Qa6 16. Qd3 e4 17. Qb3 Bd7 18. b5 Qd6 19. Bb2 b6 20. Bxg7 Kxg7 21.
Qc3+ Qf6 22. Qe3 Rad8 23. f3 e5 24. fxe4 f4 25. gxf4 exf4 26. Qd3 Qe5 27. Rf1 g5 28. a4 Rf7 29. Ra3 g4 30. a5 Rdf8 31. Qc3 Re8 32.
axb6 axb6 33. Qxe5+ Rxe5 34. Ra6 Rg5 35. Kf2 h5 36.
Rxb6 h4 37. e5 h3 38. Be4 g3+ 39. hxg3 fxg3+ 40. Ke1 Rxf1+ 41. Kxf1 Bf5 42. Bf3 g2+ 43. Bxg2 hxg2+ 44. Kg1 Be4 45. Rf6 Rh5 46. Kf2 Rh1 47. Ke3 g1=Q+ 48. Kxe4 Qg4+ 49. Rf4 Qxe2+ 50. Kf5 Qh5+ 51.
Ke6 Qe8+ 52. Kd6 Rh6+ 53. Kxc5 Qc8+ 54. Kb4 Rh1 55. Rf3 Rc1 56. Rb3 Qxc4+ 57. Ka5 Qxd5 58.
Rb4 Qa8+ 59. Kb6 Rc8 60. Rd4 Qb8+ 61. Ka5 Kf7 62. Kb4 Ke6 63. Rd7 Kxd7 64. b6 Qxb6+ 0-1

[Event "*** Titled Tuesday Blitz"]
[Site "Chess.com"]
[Date "2020.04.28"]
[Round "2"]
[White "Duong57"]
[Black "JosefineHeinemann"]
[Result "1/2-1/2"]
[WhiteElo "2195"]
[BlackElo "2424"]
[TimeControl "180+1"]
[EndTime "10:19:29 PDT"]
[Termination "Game drawn by repetition"]

1. d4 Nf6 2. c4 g6 3. Nc3 d5 4.
Bg5 Ne4 5. Bh4 Nxc3 6. bxc3 Bg7 7. e3 O-O 8. Nf3 dxc4 9. Bxc4 c5 10. O-O Nc6 11.
h3 b6 12. Qe2 Bb7 13. Rfd1 Qc7 14. Rac1 e6 15. e4 Rac8 16. Bg3 Qd8 17. d5 exd5 18.
Bxd5 Qe8 19. Bd6 Rd8 20. Bxf8 Qxf8 21. c4 Re8 22. Qd3 Kh8 23. Qa3 Re7 24. Qa4 Qe8 25. a3 h6 26. Re1 Qa8 27. Rcd1 Kh7 28. Qc2 Nd4 29. Nxd4 Bxd4 30. Qd3 Qe8 31. Qf3 a6 32. Kf1 b5 33. Qb3 Bc6 34. Rd3 Bxd5 35. Rxd4 Bxe4 36. Rdd1 Bxg2+ 37. Kxg2 Rxe1 38. Rxe1 Qxe1 39. cxb5 Qe4+ 40. Kg1 c4 41. Qb4 axb5 42. Qxb5 c3 43. Qb3 Qf3 44.
a4 Kg7 45. a5 Qd3 46. a6 Qxa6 47. Qxc3+ Kh7 48. Qc7 Qe6 49. Kg2 Kg7 50. Qc3+ Qf6 51. Qc7 Qf5 52. Qa7 g5 53. Qd4+ Qf6 54. Qd7 h5 55. Qc7 Kg6 56. Qc2+ Kh6 57. Qc7 Qf5 58.
Qd6+ Kg7 59. Qd4+ Qf6 60. Qd7 h4 61. Qc7 Qe6 62. Qc3+ Kg6 63. Qd3+ f5 64. Qd8 Qe4+ 65. Kg1 Qb1+ 66. Kg2 Qe4+ 67. Kg1 Qe6 68. Kg2 g4 69. Qxh4 Qe4+ 70. Kg1 Qb1+ 71. Kg2 Qb7+ 72. Kg1 Qb1+ 73. Kg2 Qe4+ 74. Kg1 Qb1+ 1/2-1/2

[Event "*** Titled Tuesday Blitz"]
[Site "Chess.com"]
[Date "2020.04.28"]
[Round "2"]
[White "dcann0n88"]
[Black "IngOscarArdila"]
[Result "1-0"]
[WhiteElo "2381"]
[BlackElo "2042"]
[TimeControl "180+1"]
[EndTime "10:19:30 PDT"]
[Termination "dcann0n88 won by resignation"]

1. e4 e5 2. Nf3 Nf6 3. Nxe5 d6 4.
Nf3 Nxe4 5. Nc3 Nxc3 6. dxc3 Be7 7. Be3 O-O 8. Qd2 Nd7 9. O-O-O Nf6 10. Bd3 c5 11. h3 Qa5 12. Kb1 Be6 13. a3 b5 14.
Ng5 Rab8 15. Nxe6 fxe6 16. c4 b4 17. axb4 Rxb4 18. Qc3 Rfb8 19. Bc1 d5 20. Qe1 R8b6 21. cxd5 Nxd5 22. Bc4 Bf6 23. Rxd5 Rxb2+ 24. Bxb2 Rxb2+ 25. Kc1 Qa1+ 26. Kd2 Qa5+ 27. Ke3 Qxe1+ 28. Rxe1 exd5 29. Bxd5+ Kf8 30. Kd2 Bd4 31. Bb3 c4 32. Bxc4 a5 33. Bb3 Bf6 34. Re4 Bg5+ 35. f4 Bf6 36. Ra4 Rb1 37.
Rxa5 Rf1 38. Ra8+ Ke7 39. Ke3 Re1+ 40. Kf2 Rd1 41. Ra7+ Kd8 42. Ra6 Kc7 43. Re6 Bd4+ 44. Kf3 Rf1+ 45. Ke4 Bf6 46. g4 Re1+ 47. Kf5 Rh1 48.
g5 Bc3 49. Kg4 Rg1+ 50. Kf3 Rh1 51. Re4 Bd2 52. Rc4+ Kb6 53. Kg2 Re1 54. Rc8 Re2+ 55. Kf3 Rh2 56. Kg4 Rg2+ 57. Kf3 Rh2 58. Kg3 Re2 59. Rh8 Re3+ 60. Kg4 Be1 61. Rxh7 g6 62. f5 Rg3+ 63. Kf4 gxf5 64. Kxf5 Bc3 65. Rh6+ Kb5 66. h4 Rf3+ 67. Kg4 Rf1 68. Re6 Rg1+ 69. Kh5 Rh1 70. Rd6 Be1 71. Rd5+ Kc6 72. Rd4 Bf2 73. Bd5+ Kc5 74. Bxh1 Bxd4 75. Kg6 Kb4 76. h5 Kc3 77. h6 Kxc2 78. Kh7 Bh8 79. Kxh8 1-0

[Event "*** Titled Tuesday Blitz"]
[Site "Chess.com"]
[Date "2020.04.28"]
[Round "2"]
[White "silverback96"]
[Black "NFChess13"]
[Result "1-0"]
[WhiteElo "2121"]
[BlackElo "2386"]
[TimeControl "180+1"]
[EndTime "10:19:31 PDT"]
[Termination "silverback96 won by resignation"]

1. e4 c5 2. Nf3 e6 3. d4 cxd4 4. Nxd4 Nc6 5. Nc3 Qc7 6. g3 a6 7.
Bg2 Nf6 8. O-O h5 9. Bf4 e5 10.
Nxc6 dxc6 11. Bg5 Be7 12. a4 Bg4 13. Qd2 Rd8 14. Qe3 O-O 15. a5 Rd4 16. h3 Be6 17. Ne2 Rd7 18. Qf3 Rfd8 19. Nc3 Rd4 20. Be3 R4d7 21. Bb6 Qc8 22. Bxd8 Qxd8 23. Rfd1 Rd4 24.
Rd3 c5 25. Qe2 Qc8 26. Nd5 Bd8 27. Nxf6+ Bxf6 28. c3 Rd8 29. Rxd8+ Bxd8 30. b4 cxb4 31. cxb4 Be7 32. Qb2 Qc4 33. Qxe5 Qxb4 34. Qxh5 Bf6 35. e5 Be7 36. Rd1 g6 37. Qe2 Kg7 38. h4 Bg4 39.
Bf3 Bf5 40. h5 Bc5 41. hxg6 Bxg6 42. e6 fxe6 43. Qxe6 Bf7 44. Rd7 Qb1+ 45. Kg2 Qg6 46.
Qxg6+ Kxg6 47. Bh5+ Kxh5 48. Rxf7 Bb4 49. Rxb7 Bxa5 50.
Ra7 Bc3 51. Rxa6 Kg4 52. f3+ Kg5 53. Rb6 Bd4 54. Rb5+ Kg6 55. f4 Be3 56. Kf3 Ba7 57. g4 Bg1 58. Ra5 Kf6 59. Ra6+ Kf7 60. f5 Bc5 61. g5 Kg7 62. Kg4 Kf7 63. Kh5 Kg7 64. Rc6 Bd4 65. Rc7+ Kg8 66. f6 Kf8 67. Rb7 Be5 68.
g6 Bxf6 69. Kh6 Bd4 70. Kh7 Bf6 71. g7+ Bxg7 72. Rxg7 Ke8 73. Kg6 1-0

[Event "*** Titled Tuesday Blitz"]
[Site "Chess.com"]
[Date "2020.04.28"]
[Round "2"]
[White "kingofkolkata"]
[Black "uchenic"]
[Result "0-1"]
[WhiteElo "2246"]
[BlackElo "2468"]
[TimeControl "180+1"]
[EndTime "10:19:34 PDT"]
[Termination "uchenic won by checkmate"]

1. d4 d5 2. c4 e6 3. Nf3 c6 4. g3 dxc4 5. Bg2 Nf6 6. Ne5 Nbd7 7. Nxc4 Nb6 8. Ne5 Bd6 9. Nf3 O-O 10. O-O c5 11. dxc5 Bxc5 12. Qc2 Be7 13. Nc3 Nbd5 14. Rd1 Qc7 15. Bg5 h6 16. Bxf6 Bxf6 17. Rac1 Nxc3 18.
bxc3 Bd7 19. Nd4 Rac8 20. Qb3 Bxd4 21. Rxd4 Bc6 22. Rc4 Rfd8 23. Rxc6 bxc6 24. Rd1 c5 25. h4 Rxd1+ 26. Qxd1 Rd8 27. Qa4 Qd7 28. Qa5 c4 29. Bf3 g6 30. Kg2 h5 31. Qg5 Qd2 32. Qa5 Rd7 33. Bc6 Rd8 34. Bf3 Qd7 35. Qg5 Rc8 36. Qa5 Qc7 37. Qg5 Qc5 38. Qf6 a5 39. Qf4 Qf5 40.
Qd4 e5 41. Qd5 e4 42. Bxe4 Qxd5 43. Bxd5 Rc5 44. e4 Kg7 45. Kf3 f5 46. Ke3 Kf6 47. Kd4 Rc8 48. e5+ Ke7 49. Bxc4 Rb8 50. f4 Rb2 51. Bb3 Rg2 52. Kc5 Rxg3 53. c4 Rf3 54.
Kb6 Rxf4 55. c5 Rxh4 56. c6 Rh3 57. Bd5 Rc3 58. c7 Rxc7 59. Kxc7 g5 60. Kc6 g4 61.
Kb5 f4 62. Bg2 f3 63. Bf1 h4 64. Kxa5 h3 65. Kb5 h2 66. a4 h1=Q 67. Bc4 Qb1+ 68.
Ka6 Qb4 69. Bb5 g3 70. a5 g2 71. Kb6 g1=Q+ 72. Ka6 Qgc5 73. e6 Qbxb5# 0-1

[Event "*** Titled Tuesday Blitz"]
[Site "Chess.com"]
[Date "2020.04.28"]
[Round "2"]
[White "RobertoJBM"]
[Black "AvitalBor"]
[Result "1/2-1/2"]
[WhiteElo "2549"]
[BlackElo "2826"]
[TimeControl "180+1"]
[EndTime "10:19:36 PDT"]
[Termination "Game drawn - insufficient material"]

1. d4 e6 2. c4 Bb4+ 3. Bd2 a5 4. Nf3 Nf6 5. g3 Nc6 6. Bg2 d6 7. O-O e5 8. Bg5 exd4 9. Nxd4 Nxd4 10. Qxd4 Bc5 11.
Qh4 O-O 12. Nc3 h6 13. Bxf6 Qxf6 14. Qxf6 gxf6 15. Nd5 Kg7 16. Nxc7 Rb8 17. Rfd1 Bg4 18. Bf3 Bxf3 19. exf3 Rbc8 20. Nb5 Rfe8 21. Kf1 Re6 22. Re1 Bb4 23. Rxe6 fxe6 24. Rc1 d5 25. b3 Kg6 26. f4 e5 27. fxe5 fxe5 28. Ke2 Kf5 29. f3 h5 30. Kd3 Rd8 31. Rc2 h4 32. Nc7 dxc4+ 33. Kxc4 hxg3 34. hxg3 Rd4+ 35. Kb5 Rd3 36. Rf2 Be1 37. Rf1 Bxg3 38. Kxa5 Rd2 39. a4 Bf2 40. Nb5 Kf4 41. Nc3 Kxf3 42.
b4 e4 43. Nxe4 Kxe4 44. Kb5 Rd5+ 45. Kc4 Rf5 46. a5 Rf6 47. b5 Ke3 48. Rb1 Rf4+ 49.
Kd5 Kd3 50. a6 bxa6 51. bxa6 Ra4 52. Rb3+ Ke2 53. Rb2+ Kf3 54. Rb3+ Be3 55. Rb5 Rxa6 56. Kc4 Ke4 57. Rb4 Bd4 58. Kb3 Ra8 59. Ra4 Rc8 60. Rc4 Rb8+ 61. Rb4 Rh8 62. Ka4 Kd3 63. Kb3 Rh1 64.
Rb5 Rb1+ 65. Ka4 Ra1+ 66. Kb3 Ra8 67. Rb4 Ra7 68. Rb5 Rc7 69. Rb4 Rc3+ 70. Ka4 Bc5 71. Rb3 Kc4 72. Rxc3+ Kxc3 1/2-1/2

[Event "*** Titled Tuesday Blitz"]
[Site "Chess.com"]
[Date "2020.04.28"]
[Round "2"]
[White "VinzentSpitzl"]
[Black "ftorodent"]
[Result "0-1"]
[WhiteElo "2375"]
[BlackElo "2665"]
[TimeControl "180+1"]
[EndTime "10:19:37 PDT"]
[Termination "ftorodent won by resignation"]

1. e4 c5 2. Nf3 e6 3. g3 Nc6 4. Bg2 d6 5. O-O Nf6 6. Qe2 Be7 7. Rd1 O-O 8. c3 e5 9. h3 Be6 10. d4 cxd4 11. cxd4 exd4 12. Nxd4 Nxd4 13. Rxd4 Qc8 14. Nc3 Bxh3 15. Bf4 Bxg2 16. Kxg2 Qe6 17. Rad1 Rfd8 18. Nd5 Nxd5 19. Rxd5 Rac8 20. Qd3 h6 21. Bxd6 Bxd6 22.
Rxd6 Rxd6 23. Qxd6 Qxe4+ 24. Kh2 Rc2 25. Rd2 Rc1 26.
Rd1 Rc6 27. Qb8+ Kh7 28. Qxb7 Qc2 29. Rf1 Rf6 30. Qxa7 Qxb2 31. a4 Rf5 32. Kg2 Qb4 33. Qe3 Qxa4 34. Re1 g6 35. Qe4 Qb3 36. Qe3 Qd5+ 37. Qe4 Qd2 38. Qe3 Qd7 39. Qe7 Qb5 40. Qe8 h5 41. Qxb5 Rxb5 42. Re4 Kg7 43. Rd4 Re5 44.
Rc4 Kf6 45. Rb4 Kf5 46. Ra4 f6 47. Rb4 g5 48. Ra4 g4 49. Rb4 Kg5 50. Rb8 Re6 51.
Rg8+ Kh6 52. Rh8+ Kg6 53. Rg8+ Kf7 54. Rh8 Re5 55. Ra8 Kg6 56. Rg8+ Kf7 57. Ra8 Rd5 58. Rb8 Rd7 59. Ra8 Kg6 60. Ra5 f5 61. Ra6+ Kg5 62. Ra8 Rg7 63. Ra4 h4 64. gxh4+ Kxh4 65. f3 Rg6 66.
Rb4 Rg8 67. Ra4 Kh5 68. fxg4+ Rxg4+ 69. Rxg4 Kxg4 70. Kf2 Kf4 71. Ke2 Kg3 72. Kf1 Kf3 73. Kg1 Ke2 74. Kg2 f4 75. Kg1 f3 76. Kh2 f2 77.
Kg3 0-1